 Dungeon Crawl Stone Soup version 0.28.0-47-ge53b351184 (webtiles) character file.

Game seed: 11320627262494018892

51 Antesink77 the Chopper (level 3, -4/33 HPs)
             Began as a Minotaur Berserker on May 8, 2022.
             Was a Believer of Trog.
             Shot with a bolt by a kobold (9 damage)
             ... on level 4 of the Dungeon.
             The game lasted 00:08:12 (1752 turns).

Antesink77 the Chopper (Minotaur Berserker)         Turns: 1752, Time: 00:08:13

Health: -4/33      AC:  4    Str: 23    XL:     3   Next: 58%
Magic:  2/2        EV: 12    Int:  4    God:    Trog [**....]
Gold:   85         SH:  0    Dex:  9    Spells: 2/2 levels left

rFire   . . .      SeeInvis .   h - +2 spear (venom)
rCold   . . .      Faith    .   (no shield)
rNeg    . . .      Spirit   .   i - +0 leather armour
rPois   .          Reflect  .   (helmet restricted)
rElec   .          Harm     .   (no cloak)
rCorr   .          Rampage  .   (no gloves)
Will    .....                   m - +0 pair of boots
Stlth   ..........              (no amulet)
HPRegen 0.11/turn               (no ring)
MPRegen 0.08/turn               (no ring)

@: silenced
A: horns 2, retaliatory headbutt
a: Renounce Religion


You were on level 4 of the Dungeon.
You worshipped Trog.
Trog was pleased with you.
You visited 1 branch of the dungeon, and saw 4 of its levels.

You collected 85 gold pieces.

Inventory:

Hand Weapons
 a - a +0 hand axe
 h - a +2 spear of venom (weapon)
Armour
 b - a +0 animal skin
 i - a +0 leather armour (worn)
 m - a +0 pair of boots (worn)
Scrolls
 g - a scroll of acquirement {unknown}
 j - a scroll of noise {unknown}
 k - a scroll of identify {unknown}
 l - 2 scrolls of brand weapon {unknown}
Potions
 e - a potion of degeneration {unknown}
 f - a potion of berserk rage {unknown}


   Skills:
 + Level 4.2 Fighting
 + Level 4.3(4.4) Axes
 + Level 1.0(2.9) Polearms
 + Level 2.9 Armour
 + Level 2.6 Dodging


You had 2 spell levels left.
You didn't know any spells.
Your spell library was empty.

Dungeon Overview and Level Annotations

Branches:
Dungeon (4/15)
 Temple: D:4-7

Altars:
The Shining One


Innate Abilities, Weirdness & Mutations

You have a pair of horns on your head.
You reflexively headbutt those who attack you in melee.


Message History

You kill the orc!
Trog accepts your kill.
Unknown command.
As you read the scroll labelled JITUOG IN TUOZXA, it crumbles to dust.
You assume a fearsome visage.
Nothing appears to happen.
It was a scroll of fear.
As you read the scroll labelled GETAH FISOCA, it crumbles to dust.
A profound silence engulfs you.
It was a scroll of silence.
Okay, then.
Okay, then.
Things that are here:
a +0 flail; an orc corpse Magic scrolls do not work when you're silenced!
Magic scrolls do not work when you're silenced!
Okay, then.
Unknown command.
Things that are here:
a +0 flail; an orc corpse
There is a stone staircase leading up here.
A kobold comes into view. It is wielding a +0 club.
Found 22 arrows.
The kobold unwields a +0 club.
The kobold wields a +0 hand crossbow.
The kobold shoots a bolt.
The bolt hits you.
Found a spear.
The kobold shoots a bolt.
The bolt barely misses you.
You open the door.
The kobold shoots a bolt.
The bolt misses you.
Found a glowing golden altar of the Shining One.
A centaur comes into view.
Found a robe.
The centaur wields a +0 shortbow.
The centaur shoots an arrow.
The arrow hits you!
* * * LOW HITPOINT WARNING * * *
Found a lumpy yellow potion.
The centaur shoots an arrow.
The arrow closely misses you.
The kobold unwields a +0 hand crossbow.
The kobold wields a +0 club.
The kobold hits you but does no damage.
The centaur shoots an arrow.
The arrow closely misses you.
The kobold unwields a +0 club.
The kobold wields a +0 hand crossbow.
The kobold shoots a bolt.
The bolt hits you!
You die...

.. #. .# ... #[ .#
..###. #.# # .....
..##!# #...##....
#(....c.# ##
#......### .### ######
#..K..##_##... .....
#....@.'##..# ##.##
##...P..#..#######...#
#.P≈≈P...........<..)
#..PP.....#######...#
##....##### ##.##
##.### ...$. #)#
###.## .. #.# ### #.#


You could see a centaur and a kobold.

Vanquished Creatures
  An adder (D:2)
  A worm (D:2)
  A dart slug (D:2)
  3 orcs
  6 ball pythons
  4 endoplasms
  2 giant cockroaches (D:1)
  3 goblins (D:1)
  A quokka (D:1)
  4 bats
  2 frilled lizards
  4 kobolds (D:1)
  A rat (D:2)
33 creatures vanquished.

Vanquished Creatures (others)
  5 toadstools (D:1)
5 creatures vanquished.

Grand Total: 38 creatures vanquished

Notes
Turn   | Place    | Note
-------+----------+-------------------------------------------
     0 | D:1      | Antesink77 the Minotaur Berserker began the quest for the
                  | Orb.
     0 | D:1      | Reached XP level 1. HP: 19/19 MP: 0/0
   153 | D:1      | Reached XP level 2. HP: 14/27 MP: 1/1
  1037 | D:2      | Reached ** piety under Trog
  1043 | D:2      | Reached XP level 3. HP: 33/33 MP: 2/2
  1082 | D:2      | Found a faded altar of an unknown god.
  1526 | D:2      | Reached skill level 1 in Polearms
  1749 | D:4      | Found a glowing golden altar of the Shining One.
  1750 | D:4      | Noticed a centaur
  1752 | D:4      | Shot with a bolt by a kobold

Illustrated notes

Levels and vault maps discovered:
D:1:      ldierk_walled_garden, layout_rooms
D:2:      layout_loops_ring, serial_aquarium, aquarium_bridge_straight
          [aquarium_subvault_bridge, aquarium_subvault_balcony,
          aquarium_subvault_bridge, aquarium_subvault_wall],
          aquarium_window_corridor_1, aquarium_window_double, aquarium_view_2b,
          aquarium_balcony_3b, chequers_ecumenical_altar_island,
          minmay_misc_feat_tower
D:3:      mumra_celtic_spiral_tile, layout_basic, marbit_many_paths,
          minmay_misc_feat_diagonals, minmay_rat_hole
D:4:      layout_loops_ring, tso_oasis_becter, uniq_natasha, uniq_robin,
          uniq_sigmund

Skill      XL: |  1  2  3 |
---------------+----------+-----
Fighting       | 4 |  4.2
Axes           | 4 |  4.3
Polearms       | 1 |  1.0
Armour         | |  2.9
Dodging        | |  2.6

Action                   || total
-------------------------++-------
Melee: Hand axe          ||    33
       Headbutt          ||     6
       Spear             ||    31
  Use: Scroll            ||     2
Armor: Animal skin       ||     7
       Leather armour    ||     3
Dodge: Dodged            ||    49
